 Dungeon Crawl Stone Soup version 0.27.1-4-g1640c2035a (webtiles) character file.

Game seed: 1980712019219459397

59 iamoutofideas the Magician (level 3, -1/19 HPs)
             Began as a Deep Elf Fire Elementalist on Nov 4, 2021.
             Slain by a scorpion (7 damage)
             ... on level 2 of the Dungeon.
             The game lasted 00:01:12 (1611 turns).

iamoutofideas the Magician (DEFE)                   Turns: 1611, Time: 00:01:13

Health: -1/19      AC:  2    Str:  5    XL:     3   Next: 78%
Magic:  4/10       EV: 12    Int: 20    God:
Gold:   80         SH:  0    Dex: 15    Spells: 9/10 levels left

rFire    . . .     SeeInvis .   (no weapon)
rCold    . . .     Faith    .   (no shield)
rNeg     . . .     Spirit   .   a - +0 robe
rPois    .         Reflect  .   (no helmet)
rElec    .         Harm     .   (no cloak)
rCorr    .         Rampage  .   (no gloves)
Will     .....                  (no boots)
Stlth    ++........             (no amulet)
HPRegen  0.06/turn              (no ring)
MPRegen  0.12/turn              (no ring)

@: lethally poisoned (-1 -> -4)
A: no striking features
a: no special abilities


You were on level 2 of the Dungeon.
You visited 1 branch of the dungeon, and saw 2 of its levels.

You collected 80 gold pieces.

Inventory:

Armour
 a - a +0 robe (worn)
Scrolls
 c - a scroll of teleportation {unknown}
 e - a scroll of torment {unknown}
 g - a scroll of fog {unknown}
 h - 2 scrolls of identify {unknown}
 i - a scroll of blinking {unknown}
Potions
 b - a potion of lignification {unknown}
 d - a potion of curing {unknown}
 f - a potion of heal wounds {unknown}


   Skills:
 + Level 2.6 Dodging
 + Level 2.8 Stealth
 + Level 4.3 Spellcasting
 + Level 1.4 Conjurations
 + Level 4.1 Fire Magic


You had 9 spell levels left.
You knew the following spells:

 Your Spells              Type           Power      Damage    Failure   Level
a - Foxfire               Conj/Fire      60%        2x1d7     4%          1

Your spell library contained the following spells:

 Spells                   Type           Power      Damage    Failure   Level
 Summon Small Mammal      Summ           16%        N/A       12%         1
 Conjure Flame            Conj/Fire      15%        6-21      12%         3
 Inner Flame              Hex/Fire       12%        N/A       16%         3
 Call Canine Familiar     Summ           4%         N/A       36%         3
 Summon Guardian Golem    Hex/Summ       4%         N/A       36%         3
 Sticky Flame             Conj/Fire      15%        2d4       36%         4
 Fireball                 Conj/Fire      7%         3d5       73%         5


Dungeon Overview and Level Annotations

Branches:
Dungeon (2/15)

Altars:

Shops:
D:2 [


Message History

The jackal is heavily wounded.
Casting: Foxfire (safe; 4% risk of failure)
Confirm with . or Enter, or press ? or * to list all spells.
You conjure some foxfire!
Your foxfire dissipates!
A scorpion comes into view.
Sorry, you're not good enough to have a special ability.
The foxfire hits the jackal.
You kill the jackal!
A scorpion is nearby!
A scorpion is nearby!
Casting: Foxfire (safe; 4% risk of failure)
Confirm with . or Enter, or press ? or * to list all spells.
You conjure some foxfire!
The foxfire hits the scorpion but does no damage.
Casting: Foxfire (safe; 4% risk of failure)
Confirm with . or Enter, or press ? or * to list all spells.
You conjure some foxfire!
The foxfire hits the scorpion.
The scorpion is lightly wounded.
Your foxfire dissipates!
The foxfire hits the scorpion but does no damage.
The scorpion is lightly wounded.
The foxfire hits the scorpion.
The scorpion is moderately wounded.
The scorpion barely misses you. The scorpion stings you.
You are poisoned.
The scorpion poisons you!
You feel sick.
Casting: Foxfire (safe; 4% risk of failure)
Confirm with . or Enter, or press ? or * to list all spells.
You conjure some foxfire!
You feel sick. The scorpion stings you.
Your foxfire dissipates!
You feel sick.
The foxfire hits the scorpion but does no damage.
The scorpion is moderately wounded.
Casting: Foxfire (safe; 4% risk of failure)
Confirm with . or Enter, or press ? or * to list all spells.
You conjure some foxfire!
You feel sick. The scorpion stings you!
You die...

.#.......##..##......######.
#+#####.##..÷........†.....
#.###.##......###### . #.#
#.##......# .. #.#
#.##.....)######
..##.###..#.....†.....#
.............##......#
#####.####.#.#v##......#
............s@v##......#
####...####.#§.##......#
....!.. #....##......#
.....†. ##...##......#
....... #...##......#
....... #...# #####.. ##..#
#†. #..#


You could see a scorpion (ally target).

Vanquished Creatures
  2 adders (D:2)
  A dart slug (D:1)
  An endoplasm (D:1)
  3 giant cockroaches (D:1)
  5 goblins (D:1)
  5 hobgoblins
  4 jackals (D:2)
  2 quokkas (D:1)
  4 ball pythons
  3 bats (D:2)
  2 frilled lizards (D:1)
  A kobold (D:2)
  3 rats (D:1)
36 creatures vanquished.

Vanquished Creatures (others)
  138 foxfires
138 creatures vanquished.

Grand Total: 174 creatures vanquished

Notes
Turn   | Place    | Note
-------+----------+-------------------------------------------
     0 | D:1      | iamoutofideas the Deep Elf Fire Elementalist began the
                  | quest for the Orb.
     0 | D:1      | Reached XP level 1. HP: 10/10 MP: 6/6
   140 | D:1      | Found a faded altar of an unknown god.
   270 | D:1      | Reached XP level 2. HP: 13/15 MP: 5/8
  1032 | D:1      | Reached XP level 3. HP: 19/19 MP: 8/10
  1369 | D:2      | Found Rudwaf's Antique Armour Shop.
  1598 | D:2      | Noticed a scorpion
  1611 | D:2      | Slain by a scorpion

Illustrated notes

Levels and vault maps discovered:
D:1:      dpeg_arrival_connections, layout_basic, ebering_ecumenical_altar_mist,
          hangedman_decor_points, minmay_misc_feat_square,
          wander_ebering_terrifying_dragon_lair
D:2:      layout_basic, serial_shops, shop, minmay_tree_intersection

Skill      XL: |  1  2  3 |
---------------+----------+-----
Fire Magic     | 4 |  4.1
Spellcasting   | 4 |  4.3
Dodging        | |  2.6
Stealth        | |  2.8
Conjurations   | |  1.4

Action                   || total
-------------------------++-------
 Cast: Foxfire           ||    83
Dodge: Dodged            ||     7
